 Dungeon Sprint DCSS version 0.26-a0-1086-g9010512d90 (webtiles) character file.

Game seed: 16613570696033397620

78 sahdkjhfkaj the Martial Artist (level 4, -1/28 HPs)
             Began as an Octopode Transmuter on Dec 14, 2020.
             Slain by a human (7 damage)
             ... in the Dungeon (Sprint III: "The Ten Rune Challenge").
             The game lasted 00:00:28 (180 turns).

sahdkjhfkaj the Martial Artist (Octopode Transmuter) Turns: 180, Time: 00:00:28

Health: -1/28      AC:  1    Str: 10    XL:     4   Next: 36%
Magic:  7/7        EV: 13    Int: 15    God:
Gold:   0          SH:  0    Dex: 12    Spells: 6/7 levels left

rFire    . . .     SeeInvis .     - Unarmed
rCold    . . .     Faith    .   (no shield)
rNeg     . . .     Spirit   .   (helmet restricted)
rPois    .         Reflect  .   (no amulet)
rElec    .         Harm     .   (no ring)
rCorr    .         Rampage  .   (no ring)
Will     .....     NoTele   +   (no ring)
Stlth    +++.......             (no ring)
HPRegen  0.09/turn              (no ring)
MPRegen  0.10/turn              (no ring)
                                (no ring)
                                (no ring)

@: no status effects
A: almost no armour, stealthy swim, amphibious, 8 rings, constrict 8, camouflage
1, gelatinous body 1
a: no special abilities


You were in the Dungeon.
You visited 1 branch

Inventory:

Scrolls
 a - 3 scrolls of immolation {unknown}
 g - a scroll of blinking
 i - a scroll of enchant weapon {unknown}
Potions
 b - a potion of curing {@q1}
 c - a potion of heal wounds {@q2}
 d - a potion of haste {@q3}
 e - 2 potions of magic
 f - a potion of berserk rage
 h - 2 potions of cancellation {unknown}


   Skills:
 - Level 1.0 Fighting
 - Level 2.0 Dodging
 - Level 8.3 Unarmed Combat
 - Level 2.0 Spellcasting
 + Level 3.4 Transmutations


You had 6 spell levels left.
You knew the following spells:

 Your Spells              Type           Power        Failure   Level
a - Beastly Appendage     Tmut           ##....       5%          1

Your spell library contained the following spells:

 Spells                   Type           Power        Failure   Level
 Wereblood                Tmut           ##......     9%          2
 Spider Form              Tmut/Pois      #.........   32%         3
 Ice Form                 Ice/Tmut       #.......     73%         4
 Blade Hands              Tmut           ##........   83%         5


Dungeon Overview and Level Annotations

Branches:
Dungeon (1/1)

Altars:


Innate Abilities, Weirdness & Mutations

You cannot wear most types of armour.
You are very stealthy in the water. (Stealth+)
You are amphibious.
You can wear up to eight rings at the same time.
You can use your tentacles to constrict eight enemies at once.
Your skin changes colour to match your surroundings (Stealth+).
Your rubbery body absorbs attacks. (AC +1, EV +1)


Message History

h - 2 clear potions
Things that are here:
a +0 robe; the human corpse of Jessica
i - a scroll labelled DILEUN BUHEOM You open the door.
There is an open door here.
Key pressed, stopping explore.
A scorpion comes into view.
A scorpion is nearby!
A scorpion is nearby!
A scorpion is nearby!
A scorpion is nearby!
A scorpion is nearby!
A scorpion is nearby!
A scorpion is nearby!
A scorpion is nearby!
A human comes into view.
The human shouts!
There are monsters nearby!
There are monsters nearby!
The scorpion stings you.
You tentacle-slap the scorpion. Your grab misses the scorpion.
You squeeze the scorpion. The scorpion barely misses you.
You barely miss the scorpion. You grab the scorpion. You squeeze the scorpion!
You constrict the scorpion, but do no damage.
The scorpion misses you.
You tentacle-slap the scorpion but do no damage.
You squeeze the scorpion.
You constrict the scorpion, but do no damage.
The scorpion stings you!
* * * LOW HITPOINT WARNING * * *
Unknown command.
You barely miss the scorpion.
You constrict the scorpion, but do no damage.
The scorpion stings you.
* * * LOW HITPOINT WARNING * * *
You bludgeon the scorpion!
You kill the scorpion!
Training target 8.3 for Unarmed Combat reached!
Your Unarmed Combat skill gained 2 levels and is now at level 8!
You need to enable at least one skill for training.
Your Transmutations skill increases to level 3!
You have reached level 4!
Unknown command.
You tentacle-slap the human but do no damage.
Your grab misses the human.
Your tentacle-slap misses the human.
The human hits you.
* * * LOW HITPOINT WARNING * * *
The human hits you!
You die...

▓▓▓▓ ▓▓▓▓▓▓▓ ▓<.#
+...♣. ▓..#
#....♣♣
▓#'####.....♣♣
▓..†..#.†..≈.♣
▓.....#...≈≈.♣♣♣
▓.....#..@≈≈≈..♣
▓####'#.p≈≈≈≈≈≈..
▓...[.#.≈≈≈≈≈≈...
▓.....#.≈≈≈≈≈....
▓.....#.≈≈≈......
▓'#####..........
▓................
▓▓▓▓▓▓▓▓▓▓▓▓▓▓▓▓▓


You could see a human.

Vanquished Creatures
  A scorpion (D)
  Jessica (D)
  An ooze (D)
  A rat (D)
4 creatures vanquished.

Vanquished Creatures (others)
  3 plants (D)
3 creatures vanquished.

Grand Total: 7 creatures vanquished

Notes
Turn   | Place    | Note
-------+----------+-------------------------------------------
     0 | D        | sahdkjhfkaj the Octopode Transmuter began the quest for the
                  | Orb.
     0 | D        | Reached XP level 1. HP: 13/13 MP: 3/3
     7 | D        | Reached skill level 4 in Unarmed Combat
   105 | D        | Noticed Jessica
   111 | D        | Killed Jessica
   112 | D        | Reached skill level 6 in Unarmed Combat
   112 | D        | Reached XP level 2. HP: 15/18 MP: 5/5
   112 | D        | Reached XP level 3. HP: 20/23 MP: 6/6
   168 | D        | Noticed a scorpion
   177 | D        | Killed a scorpion
   178 | D        | Reached skill level 8 in Unarmed Combat
   178 | D        | Reached XP level 4. HP: 9/28 MP: 7/7
   180 | D        | Slain by a human

Illustrated notes

Levels and vault maps discovered:
D:        dungeon_sprint_mu [sprint_mu_entry_forest, sprint_mu_temple_rooms,
          sprint_mu_d1_spiders, sprint_mu_d2_genie, sprint_mu_d3_branching,
          sprint_mu_orc_legion, sprint_mu_elf_gauntlet, sprint_mu_hive_nellie,
          sprint_mu_lair_fedhas, sprint_mu_vaults_butterflies,
          sprint_mu_slime_circle, sprint_mu_swamp_cave, sprint_mu_snake_twists,
          sprint_mu_blade_basic, sprint_mu_crypt_lich, sprint_mu_tomb_spiral,
          sprint_mu_vestibule_basic, sprint_mu_gehenna_hellfire,
          sprint_mu_dis_giant, sprint_mu_tartarus_statrot,
          sprint_mu_cocytus_islands, sprint_mu_zot1]

Skill      XL: |  1  2  3 |
---------------+----------+-----
Unarmed Combat | 6 8 |  8.3
Transmutations | 3 |  3.4
Fighting       | |  1.0
Dodging        | |  2.0
Spellcasting   | |  2.0

Action                   |  1- 3 |  4- 6 || total
-------------------------+-------+-------++-------
Melee: Unarmed           |    14 |     1 ||    15
       Constrict         |     3 |       ||     3
       Tentacles         |     3 |       ||     3
Dodge: Dodged            |     6 |       ||     6

Table legend: (Time is in decaauts)
 A = Elapsed time spent in this place.
 B = Non-inter-level travel time spent in this place.
 C = Inter-level travel time spent in this place.
 D = Time resting spent in this place.
 E = Time spent auto-exploring this place.
 F = Levels seen in this place.
 G = Mean time per level.
                   A        B        C        D        E       F      G
               +--------+--------+--------+--------+--------+-----+--------+
         Total |    178 |    178 |      0 |      0 |    150 |   1 |  178.0 |
       Dungeon |    178 |    178 |      0 |      0 |    150 |   1 |  178.0 |
               +--------+--------+--------+--------+--------+-----+--------+

Top non-repeatable levels by time:
       D: 178 daAuts
